 Dungeon Crawl Stone Soup version 0.31.0-11-ge490571c62 (webtiles) character file.

Game seed: 2010512926838468659

107 shadowrider38 the Trooper (level 4, -3/40 HPs)
             Began as a Minotaur Air Elementalist on Feb 4, 2024.
             Incinerated by a bombardier beetle (4 damage)
             ... with a burning spray
             ... on level 3 of the Dungeon.
             The game lasted 00:02:05 (2455 turns).

shadowrider38 the Trooper (MiAE)                    Turns: 2455, Time: 00:02:05

Health: -3/40      AC:  6    Str: 14    XL:     4   Next: 57%
Magic:  5/5        EV: 10    Int: 12    God:
Gold:   173        SH:  0    Dex: 11    Spells: 4/5 levels left

rFire   . . .        a - +1 mace
rCold   . . .        (no shield)
rNeg    . . .        h - +0 ring mail
rPois   .            (helmet restricted)
rElec   .            o - +0 cloak
rCorr   .            (no gloves)
SInv    .            (no boots)
Will    .....        (no amulet)
Stlth   +            (no ring)
HPRegen 0.26/turn    (no ring)
MPRegen 0.09/turn

%: no passive effects
@: on fire, glowing
A: horns 2, retaliatory headbutt
a: no special abilities


You were on level 3 of the Dungeon.
You visited 1 branch of the dungeon, and saw 3 of its levels.

You collected 173 gold pieces.

Inventory:

Hand Weapons
 a - a +1 mace (weapon)
Missiles
 k - 6 poisoned darts
Armour
 h - a +0 ring mail (worn)
 o - a +0 cloak (worn)
Magical Staves
 c - a staff of fire
Wands
 p - a wand of quicksilver (4)
 P - a wand of paralysis (9)
Scrolls
 d - 2 scrolls of enchant weapon
 e - a scroll of brand weapon {unknown}
 i - a scroll of identify {unknown}
 j - a scroll of revelation {unknown}
 T - a scroll of teleportation
Potions
 b - a potion of magic
 f - a potion of ambrosia {unknown}
 g - a potion of haste {unknown}
 l - a potion of heal wounds {unknown}
 m - a potion of curing {unknown}
 n - a potion of invisibility {unknown}


   Skills:
 + Level 3.8 Fighting
 * Level 3.2 Maces & Flails
 - Level 2.1 Dodging
 - Level 1.5 Stealth
 - Level 1.3 Spellcasting
 - Level 0.6 Conjurations
 - Level 2.1 Air Magic


You had 4 spell levels left.
You knew the following spells:

 Your Spells              Type           Power      Damage    Failure   Level
a - Shock                 Conj/Air       16%        1d4       34%         1

Your spell library contained the following spells:

 Spells                   Type           Power      Damage    Failure   Level
 Static Discharge         Conj/Air       8%         3-4/arc   45%         2
 Swiftness                Air            6%         N/A       58%         3
 Airstrike                Air            3%         2d(1-17)  94%         4


Dungeon Overview and Level Annotations

Branches:
Dungeon (3/15) Zot: 15520

Altars:


Innate Abilities, Weirdness & Mutations

You have a pair of horns on your head.
You reflexively headbutt those who attack you in melee.


Message History

A bombardier beetle is nearby!
Unknown command.
The bombardier beetle sprays incendiary fluid at you.
The burning spray hits you.
You are covered in liquid fire!
You shake off some of the fire as you move.
The liquid fire burns you! The bombardier beetle bites you.
You barely miss the bombardier beetle. The liquid fire burns you!
You hit the bombardier beetle.
You headbutt the bombardier beetle, but do no damage.
The bombardier beetle is lightly wounded.
The liquid fire burns you!
The bombardier beetle sprays incendiary fluid at you.
The burning spray hits you.
You are even more covered in liquid fire!
You hit the bombardier beetle but do no damage.
Your headbutt misses the bombardier beetle.
The bombardier beetle is lightly wounded.
The liquid fire burns you!
The bombardier beetle sprays incendiary fluid at you.
The burning spray hits you.
You are even more covered in liquid fire!
You hit the bombardier beetle.
The bombardier beetle is moderately wounded.
The liquid fire burns you!
The bombardier beetle bites you but does no damage.
You hit the bombardier beetle but do no damage.
Your headbutt misses the bombardier beetle.
The bombardier beetle is moderately wounded.
The liquid fire burns you!
You hit the bombardier beetle but do no damage.
You headbutt the bombardier beetle!
The bombardier beetle is severely wounded.
The liquid fire burns you!
* * * LOW HITPOINT WARNING * * *
The bombardier beetle waves its antennae.
The bombardier beetle closely misses you.
Okay, then.
Unknown command.
You shake off some of the fire as you move.
The liquid fire burns you!
* * * LOW HITPOINT WARNING * * *
You shake off some of the fire as you move.
The liquid fire burns you!
* * * LOW HITPOINT WARNING * * *
You shake off some of the fire as you move.
The liquid fire burns you!
You die...

#. #..# #.#####..#
.........# ####.###.#
#.# #.# #.# #.#
##########. #†# #.#
#..B(......
#.###.######.#########
#............@...#
################.#


There were no monsters in sight!

Vanquished Creatures
  A bombardier beetle (D:3)
  An adder (D:2)
  A dart slug (D:2)
  An orc (D:3)
  4 endoplasms
  3 giant cockroaches
  5 goblins
  6 hobgoblins
  8 jackals
  2 quokkas
  4 ball pythons
  3 bats
  4 frilled lizards
  8 kobolds
  5 rats
56 creatures vanquished.

Notes
Turn   | Place    | Note
-------+----------+-------------------------------------------
     0 | D:1      | shadowrider38 the Minotaur Air Elementalist began the quest
                  | for the Orb.
     0 | D:1      | Reached XP level 1. HP: 14/14 MP: 1/1
   459 | D:1      | Reached XP level 2. HP: 8/24 MP: 3/3
  1190 | D:2      | Reached skill level 3 in Fighting
  1276 | D:2      | Reached XP level 3. HP: 21/31 MP: 4/4
  2227 | D:3      | Reached XP level 4. HP: 38/38 MP: 5/5
  2245 | D:3      | Reached skill level 3 in Maces & Flails
  2454 | D:3      | HP: 1/40 [burnt (4)]
  2455 | D:3      | Incinerated by a bombardier beetle

Illustrated notes

Levels and vault maps discovered:
D:1:      nicolae_arrival_somewhat_less_tricky_arrival, layout_loops_ring,
          minmay_misc_feat_ornament
D:2:      minmay_spotlight, layout_loops_ring, hangedman_glass_teeth
D:3:      layout_loops_ring, serial_shops, shop

Skill      XL: |  1  2  3  4 |
---------------+-------------+-----
Fighting       | 2 3 |  3.8
Maces & Flails | 2 3 |  3.2
Dodging        | |  2.1
Stealth        | |  1.5
Spellcasting   | |  1.3
Conjurations   | |  0.6
Air Magic      | |  2.1

Action                     |  1- 3 |  4- 6 || total
---------------------------+-------+-------++-------
  Melee: Dagger            |     5 |       ||     5
         Unarmed           |     5 |       ||     5
         Short sword       |    41 |       ||    41
         Headbutt          |    17 |     4 ||    21
         Mace              |    64 |    20 ||    84
   Cast: Shock             |     1 |       ||     1
    Use: Scroll            |     2 |       ||     2
   Stab: Sleeping          |     4 |       ||     4
         Distracted        |       |     1 ||     1
 Armour: Robe              |    28 |       ||    28
         Ring mail         |    57 |     9 ||    66
  Dodge: Dodged            |    76 |     6 ||    82
